 Dungeon Crawl Stone Soup version 0.29-a0-284-gf9362112df (webtiles) character file.

Game seed: 8117868307187504129

8314 yunder69 the Cruncher (level 11, -3/92 HPs)
             Began as a Minotaur Berserker on Mar 24, 2022.
             Was a Priest of Trog.
             Slain by a six-headed hydra (4 damage)
             ... on level 10 of the Dungeon.
             The game lasted 00:42:44 (13130 turns).

yunder69 the Cruncher (Minotaur Berserker)         Turns: 13130, Time: 00:42:45

Health: -3/92      AC: 14    Str: 21    XL:     11   Next: 8%
Magic:  10/10      EV:  8    Int:  8    God:    Trog [***...]
Gold:   403        SH:  5    Dex: 11    Spells: 10/10 levels left

rFire   . . .      SeeInvis .   H - +0 lajatang
rCold   . . .      Faith    .   (shield currently unavailable)
rNeg    . . .      Spirit   .   n - +0 plate armour
rPois   .          Reflect  +   (helmet restricted)
rElec   .          Harm     .   (no cloak)
rCorr   +          Rampage  .   g - +0 pair of gloves
Will    .....                   (no boots)
Stlth   ..........              C - amulet of reflection
HPRegen 0.25/turn               A - ring of resist corrosion
MPRegen 0.12/turn               (no ring)

@: about to teleport, on berserk cooldown
A: horns 2, retaliatory headbutt
a: Renounce Religion, Berserk, Trog's Hand


You were on level 10 of the Dungeon.
You worshipped Trog.
Trog was most pleased with you.
You visited 1 branch of the dungeon, and saw 11 of its levels.
You also visited: Ossuary.

You collected 403 gold pieces.

Inventory:

Hand Weapons
 d - a +0 hunting sling
 m - a +0 great sword
 p - a +0 trident
 u - a +2 scimitar of flaming
 B - a +3 spear of venom
 D - a +0 battleaxe
 F - a +0 giant spiked club
 H - a +0 lajatang (weapon)
 N - a +0 halberd
 O - a +0 flail of draining
 P - a +3 spear
Missiles
 r - 291 stones
 s - 12 poisoned darts
 v - 3 boomerangs
Armour
 g - a +0 pair of gloves (worn)
 h - an orb of light
 n - a +0 plate armour (worn)
 w - +0 steam dragon scales
Jewellery
 q - an amulet of guardian spirit
 A - a ring of resist corrosion (left hand)
 C - an amulet of reflection (around neck)
Wands
 e - a wand of acid (11) (quivered)
 o - a wand of mindburst (2)
 t - a wand of iceblast (15)
 L - a wand of paralysis (2)
Scrolls
 a - a scroll of enchant weapon
 x - 4 scrolls of teleportation
 y - 3 scrolls of amnesia
 I - a scroll of blinking {unknown}
 J - 2 scrolls of identify
Potions
 b - a potion of ambrosia
 c - a potion of heal wounds
 f - 2 potions of flight
 i - a potion of mutation
 j - 9 potions of curing
 k - a potion of invisibility
 l - 2 potions of haste
 z - 3 potions of degeneration
 E - 2 potions of cancellation
 G - a potion of berserk rage {unknown}
 K - a potion of attraction {unknown}
 M - a potion of resistance {unknown}


   Skills:
 - Level 7.1 Fighting
 - Level 11.6(13.8) Polearms
 + Level 12.1(14.0) Staves
 + Level 8.0 Armour
 + Level 7.3 Dodging


You had 10 spell levels left.
You didn't know any spells.
Your spell library was empty.

Dungeon Overview and Level Annotations

Branches:
Dungeon (11/15)            Temple (0/1) D:4            Lair (0/6) D:9
Ossuary (visited)
    Orc: D:9-12

Altars:
Hepliaklqana
Makhleb
Okawaru
Ru
Yredelemnul
The Shining One


Innate Abilities, Weirdness & Mutations

You have a pair of horns on your head.
You reflexively headbutt those who attack you in melee.


Message History

The four-headed hydra grows two more!
You hit the six-headed hydra.
The six-headed hydra is lightly wounded.
The six-headed hydra bites you.
The six-headed hydra bites you but does no damage.
The six-headed hydra bites you!
* * * LOW HITPOINT WARNING * * *
The six-headed hydra bites you but does no damage.
You block the six-headed hydra's attack.
The six-headed hydra bites you!
* * * LOW HITPOINT WARNING * * *
You climb upwards.
There is a stone staircase leading down here.
Okay, then.
You feel much better.
You block the six-headed hydra's attack.
The six-headed hydra bites you but does no damage.
The six-headed hydra bites you!
* * * LOW HITPOINT WARNING * * *
You block the six-headed hydra's attack.
The six-headed hydra bites you.
* * * LOW HITPOINT WARNING * * *
The six-headed hydra barely misses you.
Okay, then.
As you read the scroll of teleportation, it crumbles to dust.
You feel strangely unstable.
You block the six-headed hydra's attack.
The six-headed hydra bites you but does no damage.
The six-headed hydra bites you!
* * * LOW HITPOINT WARNING * * *
The six-headed hydra bites you but does no damage.
The six-headed hydra bites you!
* * * LOW HITPOINT WARNING * * *
The six-headed hydra bites you.
* * * LOW HITPOINT WARNING * * *
Things that are here:
a +0 giant club; a +0 giant spiked club; a two-headed ogre corpse The six-headed hydra attacks as you move away!
You block the six-headed hydra's attack.
The six-headed hydra bites you.
You die...

#. .## #### ....
...#...# ##..#..#
#......# ##...#..##
.## .. ##@..#....#
..## .. ##D###.....##
...# #.##..# #......##
#....
#.....###.......##...#
#.#...##...†..†..).# #
##.......†..[.)..##
#........#).[.)..#
#...#....#...)...##
#...##.....#......#


You could see a six-headed hydra.

Vanquished Creatures
  A two-headed ogre (D:9)
  2 lindwurms (D:9)
  Pikel (D:7)
  Maggie (D:7)
  7 yaks
  2 wyverns
  Grum (D:8)
  6 water moccasins
  3 orc warriors
  An ice beast (D:8)
  2 centaurs
  2 ogres
  4 wolves (D:8)
  3 lemures (D:7)
  A kobold brigand (D:9)
  2 phantoms (D:6)
  Blork the orc (D:6)
  A gnoll sergeant (D:10)
  8 bullfrogs
  A necrophage (D:7)
  A scorpion (D:9)
  4 wights (D:9)
  5 killer bees (D:8)
  A human zombie (Ossuary)
  A jelly (D:4)
  8 orc priests
  2 hounds
  Jessica (D:2)
  Ijyb (D:3)
  Terence (D:3)
  4 iguanas
  5 orc wizards
  A hound zombie (Ossuary)
  4 mummies (Ossuary)
  7 adders
  11 gnolls
  A shadow imp (D:8)
  A white imp (D:6)
  4 worms
  4 dart slugs
  28 orcs
  5 endoplasms
  9 goblins
  6 hobgoblins
  5 jackals
  3 quokkas
  6 ball pythons
  3 bats
  3 gnoll zombies (Ossuary)
  2 goblin zombies
  2 hobgoblin zombies (Ossuary)
  2 jackal zombies (Ossuary)
  10 kobolds
  4 rats
  3 rat zombies
  A spectral goblin (D:1)
209 creatures vanquished.

Vanquished Creatures (collateral kills)
  A two-headed ogre (D:10)
1 creature vanquished.

Vanquished Creatures (others)
  10 fungi (D:9)
  8 plants (D:9)
18 creatures vanquished.

Grand Total: 228 creatures vanquished

Notes
Turn   | Place    | Note
-------+----------+-------------------------------------------
     0 | D:1      | yunder69 the Minotaur Berserker began the quest for the
                  | Orb.
     0 | D:1      | Reached XP level 1. HP: 19/19 MP: 0/0
   300 | D:1      | Reached XP level 2. HP: 27/27 MP: 1/1
   543 | D:1      | Found a faded altar of an unknown god.
   758 | D:2      | Noticed Jessica
   762 | D:2      | Killed Jessica
   763 | D:2      | Reached XP level 3. HP: 17/33 MP: 2/2
  1094 | D:2      | You fall into a shaft and drop 1 floor!
  1195 | D:3      | Reached XP level 4. HP: 41/41 MP: 3/3
  1267 | D:3      | Reached ** piety under Trog
  1511 | D:3      | Noticed Terence
  1521 | D:3      | Killed Terence
  1522 | D:3      | Reached XP level 5. HP: 34/47 MP: 4/4
  1738 | D:3      | Noticed Ijyb
  1745 | D:3      | Killed Ijyb
  2603 | D:2      | Reached skill level 5 in Polearms
  2859 | D:2      | Found an iron altar of Okawaru.
  3041 | D:2      | Reached skill level 5 in Fighting
  3443 | D:4      | Reached XP level 6. HP: 40/56 MP: 5/5
  3749 | D:4      | Found a burning altar of Makhleb.
  3749 | D:4      | Noticed a blizzard demon
  3752 | D:4      | Noticed a ynoxinul
  3752 | D:4      | Noticed a ynoxinul
  3788 | D:4      | Found a staircase to the Ecumenical Temple.
  4222 | D:5      | Entered Level 5 of the Dungeon
  4951 | D:6      | Reached *** piety under Trog
  5001 | D:6      | Reached XP level 7. HP: 61/61 MP: 4/6
  5083 | D:6      | Noticed a wyvern
  5084 | D:6      | Noticed Blork the orc
  5092 | D:6      | Killed a wyvern
  5124 | D:6      | Killed Blork the orc
  5250 | D:6      | Reached XP level 8. HP: 47/68 MP: 7/7
  5382 | D:6      | Found a sacrificial altar of Ru.
  5413 | D:6      | Reached skill level 10 in Polearms
  5635 | D:6      | Found a sand-covered staircase.
  5650 | Ossuary  | Entered an ossuary
  6322 | D:7      | Noticed Maggie
  6338 | D:7      | Killed Maggie
  6339 | D:7      | Reached skill level 5 in Armour
  6613 | D:7      | Reached skill level 5 in Dodging
  6613 | D:7      | Reached XP level 9. HP: 66/75 MP: 8/8
  6919 | D:7      | Noticed Pikel
  6932 | D:7      | Killed Pikel
  7834 | D:8      | Reached skill level 1 in Staves
  7836 | D:8      | Found a glowing golden altar of the Shining One.
  7875 | D:8      | Noticed Grum
  7877 | D:8      | Reached skill level 2 in Staves
  7887 | D:8      | Killed Grum
  7888 | D:8      | Reached skill level 3 in Staves
  7896 | D:8      | Reached skill level 4 in Staves
  8000 | D:8      | Reached skill level 5 in Staves
  8026 | D:8      | Reached skill level 6 in Staves
  8034 | D:8      | Reached skill level 7 in Staves
  8484 | D:8      | Found a hazy altar of Hepliaklqana.
  8732 | D:8      | Reached XP level 10. HP: 86/86 MP: 9/9
  8994 | D:9      | Reached skill level 8 in Staves
  9585 | D:9      | Reached skill level 9 in Staves
  9863 | D:9      | Found an iron altar of Okawaru.
 10038 | D:9      | Noticed a two-headed ogre
 10060 | D:9      | Killed a two-headed ogre
 10061 | D:9      | Reached skill level 10 in Staves
 10576 | D:9      | Reached skill level 11 in Staves
 10599 | D:9      | Found a staircase to the Lair.
 10974 | D:9      | Noticed a lindwurm
 10974 | D:9      | Noticed a lindwurm
 10984 | D:9      | Noticed a lindwurm
 10987 | D:9      | Noticed a lindwurm
 11563 | D:10     | Entered Level 10 of the Dungeon
 11563 | D:10     | Found a basalt altar of Yredelemnul.
 11787 | D:9      | Killed a lindwurm
 12335 | D:9      | Killed a lindwurm
 12595 | D:9      | HP: 3/86 [lindwurm/blast of flame (20)]
 13044 | D:10     | Reached **** piety under Trog
 13095 | D:10     | Reached XP level 11. HP: 86/92 MP: 10/10
 13099 | D:10     | Noticed a two-headed ogre
 13111 | D:11     | Noticed a five-headed hydra
 13117 | D:10     | Killed a two-headed ogre
 13118 | D:10     | Reached skill level 12 in Staves
 13128 | D:10     | HP: 1/92 [six-headed hydra (6)]
 13130 | D:10     | Slain by a six-headed hydra

Illustrated notes

Levels and vault maps discovered:
D:1:      saegor_arrival_simple_c, layout_basic,
          dreamdust_ecumenical_altar_drowned_temple
D:2:      layout_loops_cross, basic_altar, grunt_decor_cap,
          grunt_decor_junction, uniq_jessica
D:3:      layout_loops_cross, chequers_arboretum, kennysheep_doodads, uniq_ijyb,
          uniq_terence
D:4:      layout_rooms, makhleb_altar_promises_db, minmay_temple_entry_ruins
D:5:      layout_basic
D:6:      layout_rooms, overflow_temple_1_default, enter_ossuary_4,
          uniq_blork_the_orc
D:7:      layout_cave_pools, uniq_maggie, uniq_pikel
D:8:      layout_loops_ring, nicolae_overflow_crystal_walls,
          nicolae_tso_carved_into_rock, enter_bailey_8, uniq_grum
D:9:      layout_stronghold, okawaru_trees_2, due_lair_maze_entry_diamond,
          minmay_lindwurm_lava
D:10:     layout_layer_cave, lemuel_doored_altar, lightli_corner_chamber
D:11:     layout_rooms

Skill      XL: |  1  2  3  4  5  6  7  8  9 10 11 |
---------------+----------------------------------+-----
Polearms       | 4 5 7 9 11 | 11.6
Fighting       | 4 5 6 7 |  7.1
Armour         | 3 4 5 6 7 8 |  8.0
Dodging        | 3 4 5 6 7 |  7.3
Staves         | 7 11 12 | 12.1

Action                   |  1- 3 |  4- 6 |  7- 9 | 10-12 || total
-------------------------+-------+-------+-------+-------++-------
Melee: Spear             |    69 |   154 |   217 |   111 ||   551
       Headbutt          |    13 |    44 |    49 |    42 ||   148
       Scimitar          |       |       |    18 |       ||    18
       Great sword       |       |       |    14 |       ||    14
       Punch             |       |       |     1 |       ||     1
       Lajatang          |       |       |       |    96 ||    96
 Fire: Hunting sling     |       |     6 |       |    12 ||    18
Throw: Stone             |       |     9 |       |     9 ||    18
       Dart              |       |       |       |     7 ||     7
       Boomerang         |       |       |       |     1 ||     1
Invok: Berserk           |       |     5 |     8 |     5 ||    18
       Trog's Hand       |       |       |     1 |       ||     1
       Brothers in Arms  |       |       |       |     1 ||     1
Evoke: Wand              |       |       |       |    13 ||    13
  Use: Scroll            |       |     9 |     9 |     2 ||    20
       Potion            |       |       |     1 |     3 ||     4
Armor: Ring mail         |    10 |     8 |       |       ||    18
       Plate armour      |       |    21 |    73 |    79 ||   173
Dodge: Dodged            |    22 |    23 |    55 |    48 ||   148
Block: Orb               |       |     3 |    16 |       ||    19
       Other             |       |       |    13 |    30 ||    43
       Reflection        |       |       |     1 |     3 ||     4

Table legend: (Time is in decaauts)
 A = Elapsed time spent in this place.
 B = Non-inter-level travel time spent in this place.
 C = Inter-level travel time spent in this place.
 D = Time resting spent in this place.
 E = Time spent auto-exploring this place.
 F = Levels seen in this place.
 G = Mean time per level.
                   A        B        C        D        E       F      G
               +--------+--------+--------+--------+--------+-----+--------+
         Total |  13143 |  11632 |   1511 |   4666 |   4983 |  12 | 1095.2 |
       Dungeon |  12865 |  11354 |   1511 |   4615 |   4877 |  11 | 1169.5 |
       Ossuary |    277 |    277 |      0 |     51 |    106 |   1 |  277.0 |
               +--------+--------+--------+--------+--------+-----+--------+

Top non-repeatable levels by time:
     D:9: 3976 daAuts
     D:8: 1527 daAuts
     D:3: 1382 daAuts
     D:2: 1304 daAuts
     D:6: 1118 daAuts
     D:7: 1113 daAuts
     D:4: 916 daAuts
     D:1: 742 daAuts
     D:5: 631 daAuts
 Ossuary: 277 daAuts
    D:10: 145 daAuts
    D:11: 5 daAuts
